Flames vs Rangers
Created - November 26, 2023 at 19:41
Goals
|
| Flames |
1 |
2 |
1 |
4 |
| Rangers |
2 |
2 |
2 |
6 |
|
Shots
|
| Flames |
11 |
9 |
10 |
30 |
| Rangers |
13 |
9 |
8 |
30 |
|
1st period
1. Rangers , Sean Couturier 10 (Milan Lucic 14, Jake McCabe 6) at 1:36
2. Rangers , Ondrej Palat 5 (Devante Smith-Pelly 5, Jake McCabe 7) at 9:08
3. Flames , Colin Wilson 5 (Kevin Labanc 8, Jake DeBrusk 5) at 15:07
Penalties :
Jake McCabe (NyR) for Boarding (Minor) at 4:28
2nd period
4. Flames , Kevin Labanc 3 (Jake DeBrusk 6, Esa Lindell 3) at 6:43
5. Flames , Esa Lindell 1 (Eric Staal 11, Brad Marchand 8) at 7:37
6. Rangers , Jake McCabe 2 (Milan Lucic 15, Sean Couturier 15) at 11:34
7. Rangers , Milan Lucic 9 (Sean Couturier 16, Ryan Strome 12) at 17:52
Penalties :
Jimmy Hayes (Cal) for Holding Stick (Minor) at 0:54, Christian Folin (Cal) for Tripping (Minor) at 3:56, Erik Johnson (Cal) for Hooking (Minor) at 12:46
3rd period
8. Rangers , Chris Mcallister 2 (T.J Galiardi 3) at 5:08
9. Flames , Brad Marchand 4 (Eric Staal 12, Sami Vatanen 6) at 5:19
10. Rangers , Milan Lucic 10 (Sean Couturier 17) at 18:41 (PP)
Penalties :
Ondrej Palat (NyR) for Roughing (Minor) at 1:57, Ryan Strome (NyR) for Interference (Minor) at 9:23, Sami Vatanen (Cal) for Tripping (Minor) at 13:26, Kevin Labanc (Cal) for Cross-checking (Minor) at 18:40, Bryan Rust (Cal) for Slashing (Minor) at 19:00
Goalie Stats
Henrik Lundqvist (Cal), 24 saves from 30 shots - (0.800), L, 6-4-0, 60:00 minutes
Frederik Andersen (NyR), 26 saves from 30 shots - (0.867), W, 6-5-0, 60:00 minutes
Players Stats for Flames
Player Name G A P +/- PIM S H SB GA TA FO MP PP MP PK MP
------------------------------------------------------------------------------------
Anders Lee 0 0 0 0 0 1 2 0 0 0 0/2 9:03 0:27 1:04
Brad Marchand 1 1 2 -3 0 4 0 0 1 1 2/2 20:36 0:04 4:44
Bryan Rust 0 0 0 -3 2 4 1 1 1 0 0/0 18:44 0:00 2:42
Christian Folin 0 0 0 0 2 2 1 2 1 1 0/0 21:46 2:33 3:43
Colby Robak 0 0 0 -1 0 1 1 0 0 0 0/0 14:55 0:00 4:01
Colin Wilson 1 0 1 2 0 3 4 0 3 0 1/4 10:44 0:00 0:00
David Savard 0 0 0 -1 0 0 0 0 0 1 0/0 12:51 0:00 2:17
David Ullstrom 0 0 0 0 0 0 0 0 0 1 0/0 9:38 0:00 2:16
Eric Staal 0 2 2 -3 0 3 0 0 1 0 16/25 20:27 3:07 2:10
Erik Johnson 0 0 0 0 2 1 3 2 1 0 0/0 26:26 3:24 3:57
Esa Lindell 1 1 2 0 0 3 3 0 0 1 0/0 18:23 2:33 0:00
Jake DeBrusk 0 2 2 2 0 0 1 1 0 0 0/0 12:44 2:50 0:00
Jimmy Hayes 0 0 0 0 2 2 2 0 0 0 0/1 15:01 2:54 0:00
Kevin Labanc 1 1 2 2 2 2 2 0 2 1 0/0 12:43 2:50 0:00
Kyle Palmieri 0 0 0 0 0 1 0 0 0 0 0/0 7:16 0:00 0:00
Patrik Berglund 0 0 0 0 0 1 2 2 1 0 7/15 19:13 2:36 4:56
Sami Vatanen 0 1 1 0 2 2 1 1 0 1 0/0 25:46 3:24 3:54
Tanner Pearson 0 0 0 0 0 0 2 0 0 0 0/0 14:42 3:03 0:00
Players Stats for Rangers
Player Name G A P +/- PIM S H SB GA TA FO MP PP MP PK MP
------------------------------------------------------------------------------------
Cale Makar 0 0 0 -1 0 2 0 3 0 1 0/0 24:22 5:12 0:19
Chris Mcallister 1 0 1 0 0 1 0 0 0 1 0/0 10:17 0:00 2:19
Devante Smith-Pelly 0 1 1 1 0 1 1 0 0 1 0/0 16:39 4:08 0:00
Dmitry Kulikov 0 0 0 0 0 0 1 1 2 0 0/0 14:49 0:00 3:16
Henrik Samuelsson 0 0 0 0 0 5 1 0 1 1 2/3 11:51 0:00 0:50
Jake McCabe 1 2 3 3 2 1 3 3 0 1 0/0 21:54 3:44 1:47
Magnus Paajarvi 0 0 0 0 0 0 3 1 0 1 0/0 10:57 0:00 0:43
Mikhail Sergachev 0 0 0 2 0 1 1 1 0 0 0/0 21:05 3:44 2:38
Milan Lucic 2 2 4 0 0 3 1 0 2 0 0/1 22:04 4:48 2:55
Ondrej Palat 1 0 1 1 2 5 0 1 0 0 0/1 17:02 4:08 0:00
Patrik Nemeth 0 0 0 0 0 0 0 1 1 1 0/0 14:33 0:00 3:00
Richard Panik 0 0 0 0 0 2 0 0 0 0 0/0 11:14 0:00 0:00
Ryan Strome 0 1 1 0 2 2 1 0 0 2 0/0 19:52 4:48 1:01
Sean Couturier 1 3 4 0 0 1 0 0 0 1 18/36 22:07 4:48 2:58
Seth Griffith 0 0 0 0 0 2 0 0 0 0 1/2 7:00 0:00 0:00
T.J Galiardi 0 1 1 0 0 2 2 1 0 1 0/0 8:08 0:00 1:08
Tomas Hertl 0 0 0 1 0 1 2 0 0 0 2/6 16:40 4:08 0:00
Vince Dunn 0 0 0 -2 0 1 0 4 1 0 0/0 23:26 5:12 0:54
3 Stars
1 - Milan Lucic (NyR)
2 - Jake McCabe (NyR)
3 - Sean Couturier (NyR)
Power Play
Flames - 0 on 3 Attempt(s) - 0.00%
Rangers - 1 on 6 Attempt(s) - 16.67%
Penalty Kill
Flames - 5 on 6 Attempt(s) - 83.33%
- Score 0 goal in Penalty Kill
Rangers - 3 on 3 Attempt(s) - 100.00%
- Score 0 goal in Penalty Kill
Team Stat
Flames - Hits : 25 - Faceoff Wins : 26 - Blocked Shots : 9 - Penalty Minutes : 12
Rangers - Hits : 16 - Faceoff Wins : 23 - Blocked Shots : 16 - Penalty Minutes : 6
Official
Referees : Jean Hebert and Peter MacDougall
Linesman : Matt MacPherson and Andrew Smith
Game Notes
No Game Note
Finance
Level 1 -- Attendance: 5586 (93.10%) -- Ticket Income $558,600
Level 2 -- Attendance: 4604 (92.08%) -- Ticket Income $276,240
Level 3 -- Attendance: 2000 (100.00%) -- Ticket Income $70,000
Level 4 -- Attendance: 3686 (92.15%) -- Ticket Income $92,150
Luxury Box -- Attendance: 1000 (100.00%) -- Ticket Income $200,000
Game was played at the Madison Square Garden.
Total Attendance: 16876 (93.76%)
Total Ticket Income: $1,196,990
Other Income: $179,548
Total Income: $1,376,538
Flames
5 vs 5 Forward
Center Left Wing Right Wing Time % Phy DF OF
1 Eric Staal Brad Marchand Bryan Rust 40 1 2 2
2 Patrik Berglund Tanner Pearson Jimmy Hayes 30 1 2 2
3 Colin Wilson Jake DeBrusk Kevin Labanc 20 1 2 2
4 Anders Lee David Ullstrom Kyle Palmieri 10 1 2 2
5 vs 5 Defense
Defense Defense Time % Phy DF OF
1 Erik Johnson Sami Vatanen 40 1 2 2
2 Esa Lindell Christian Folin 30 1 2 2
3 Colby Robak David Savard 20 1 2 2
4 Erik Johnson Sami Vatanen 10 1 2 2
PowerPlay Forward
Center Left Wing Right Wing Time % Phy DF OF
1 Eric Staal Tanner Pearson Jimmy Hayes 60 1 2 2
2 Patrik Berglund Jake DeBrusk Kevin Labanc 40 1 2 2
PowerPlay Defense
Defense Defense Time % Phy DF OF
1 Erik Johnson Sami Vatanen 60 1 2 2
2 Esa Lindell Christian Folin 40 1 2 2
Penalty Kill 4 Players Forward
Center Wing Time % Phy DF OF
1 Patrik Berglund Brad Marchand 60 1 2 2
2 Eric Staal Bryan Rust 40 1 2 2
Penalty Kill 4 Players Defense
Defense Defense Time % Phy DF OF
1 Erik Johnson Sami Vatanen 60 1 2 2
2 Colby Robak Christian Folin 40 1 2 2
Penalty Kill - 3 Players Forward
Forward Time % Phy DF OF
1 Eric Staal 60 1 2 2
2 Patrik Berglund 40 1 2 2
Penalty Kill - 3 Players Defense
Defense Defense Time % Phy DF OF
1 Erik Johnson Sami Vatanen 60 1 2 2
2 Colby Robak Christian Folin 40 1 2 2
4 vs 4 Forward
Center Wing Time % Phy DF OF
1 Eric Staal Bryan Rust 60 1 2 2
2 Patrik Berglund Brad Marchand 40 1 2 2
4 vs 4 Defense
Defense Defense Time % Phy DF OF
1 Erik Johnson Sami Vatanen 60 1 2 2
2 Esa Lindell Christian Folin 40 1 2 2
Last Minutes Offensive
Center Left Wing Right Wing Defense Defense
Eric Staal Brad Marchand Bryan Rust Erik Johnson Sami Vatanen
Last Minutes Defensive
Center Left Wing Right Wing Defense Defense
Eric Staal Brad Marchand Bryan Rust Erik Johnson Sami Vatanen
Goaltenders
Starting : Henrik Lundqvist
Backup : Christopher Gibson
Extra Forwards
Normal : Tanner Pearson, Jimmy Hayes, Patrik Berglund - PP : Jake DeBrusk, Anders Lee - PK : Bryan Rust
Extra Defensemen
Normal : Colby Robak, Esa Lindell, Christian Folin - PP : Esa Lindell - PK : Christian Folin, David Savard
Penalty Shots
Eric Staal, Tanner Pearson, Jimmy Hayes, Kyle Palmieri, Patrik Berglund
Custom OT Lines Forwards
Eric Staal, Tanner Pearson, Patrik Berglund, Jimmy Hayes, Bryan Rust, Brad Marchand, Colin Wilson, Jake DeBrusk, Kevin Labanc, Kyle Palmieri
Custom OT Lines Defensemen
Erik Johnson, Sami Vatanen, Christian Folin, Esa Lindell, Colby Robak
Scratches
Chris Brown (Healthy), Mathieu Brodeur (Healthy), Matthew Nieto (Healthy), Victor Rask (Healthy)
Rangers
5 vs 5 Forward
Center Left Wing Right Wing Time % Phy DF OF
1 Sean Couturier Milan Lucic Ryan Strome 40 1 2 2
2 Tomas Hertl Ondrej Palat Devante Smith-Pelly 30 1 2 2
3 Henrik Samuelsson Magnus Paajarvi Richard Panik 20 1 2 2
4 Seth Griffith T.J Galiardi Chris Mcallister 10 1 2 2
5 vs 5 Defense
Defense Defense Time % Phy DF OF
1 Cale Makar Vince Dunn 40 1 2 2
2 Jake McCabe Mikhail Sergachev 30 1 2 2
3 Dmitry Kulikov Patrik Nemeth 20 1 2 2
4 Cale Makar Jake McCabe 10 1 2 2
PowerPlay Forward
Center Left Wing Right Wing Time % Phy DF OF
1 Sean Couturier Milan Lucic Ryan Strome 60 1 2 2
2 Tomas Hertl Ondrej Palat Devante Smith-Pelly 40 1 2 2
PowerPlay Defense
Defense Defense Time % Phy DF OF
1 Cale Makar Vince Dunn 60 1 2 2
2 Jake McCabe Mikhail Sergachev 40 1 2 2
Penalty Kill 4 Players Forward
Center Wing Time % Phy DF OF
1 Sean Couturier Milan Lucic 60 1 2 2
2 T.J Galiardi Chris Mcallister 40 1 2 2
Penalty Kill 4 Players Defense
Defense Defense Time % Phy DF OF
1 Dmitry Kulikov Patrik Nemeth 60 1 2 2
2 Jake McCabe Mikhail Sergachev 40 1 2 2
Penalty Kill - 3 Players Forward
Forward Time % Phy DF OF
1 Sean Couturier 60 1 2 2
2 Chris Mcallister 40 1 2 2
Penalty Kill - 3 Players Defense
Defense Defense Time % Phy DF OF
1 Dmitry Kulikov Patrik Nemeth 60 1 2 2
2 Jake McCabe Mikhail Sergachev 40 1 2 2
4 vs 4 Forward
Center Wing Time % Phy DF OF
1 Sean Couturier Milan Lucic 60 1 2 2
2 Tomas Hertl Ryan Strome 40 1 2 2
4 vs 4 Defense
Defense Defense Time % Phy DF OF
1 Cale Makar Vince Dunn 60 1 2 2
2 Jake McCabe Mikhail Sergachev 40 1 2 2
Last Minutes Offensive
Center Left Wing Right Wing Defense Defense
Sean Couturier Milan Lucic Devante Smith-Pelly Cale Makar Vince Dunn
Last Minutes Defensive
Center Left Wing Right Wing Defense Defense
Sean Couturier Milan Lucic Chris Mcallister Jake McCabe Dmitry Kulikov
Goaltenders
Starting : Frederik Andersen
Backup : Samuel Montembeault
Extra Forwards
Normal : Ryan Strome, Richard Panik, Ondrej Palat - PP : Ryan Strome, Richard Panik - PK : Ryan Strome
Extra Defensemen
Normal : Vince Dunn, Mikhail Sergachev, Cale Makar - PP : Vince Dunn - PK : Vince Dunn, Mikhail Sergachev
Penalty Shots
Milan Lucic, Sean Couturier, Tomas Hertl, Devante Smith-Pelly, Ryan Strome
Custom OT Lines Forwards
Milan Lucic, Sean Couturier, Tomas Hertl, Devante Smith-Pelly, Ryan Strome, Richard Panik, Ondrej Palat, T.J Galiardi, Seth Griffith, Magnus Paajarvi
Custom OT Lines Defensemen
Jake McCabe, Dmitry Kulikov, Cale Makar, Vince Dunn, Mikhail Sergachev
Scratches
Derrick Pouliot (Healthy), Maxime Sauvé (Healthy), Stefan Noesen (Healthy)
% Time on Ice - Flames
Lines # - Real PCT - Wanted PCT - Time Play
Normal Forward
1 - 35% - 40% - 15:55
2 - 27% - 30% - 12:02
3 - 22% - 20% - 9:54
4 - 16% - 10% - 7:16
Normal Defense
1 - 40% - 40% - 18:03
2 - 34% - 30% - 15:31
3 - 22% - 20% - 10:03
4 - 3% - 10% - 1:30
PP Forward
1 - 52% - 60% - 3:07
2 - 48% - 40% - 2:50
PP Defense
1 - 57% - 60% - 3:24
2 - 43% - 40% - 2:33
PK Forward
1 - 76% - 60% - 6:46
2 - 24% - 40% - 2:10
PK Defense
1 - 66% - 60% - 5:53
2 - 34% - 40% - 3:03
PK3 Forward
1 - 0% - 60%
2 - 0% - 40%
PK3 Defense
1 - 0% - 60%
2 - 0% - 40%
44 Forward
1 - 0% - 60%
2 - 0% - 40%
44 Defense
1 - 0% - 60%
2 - 0% - 40%
Last Minute Offensive - 0:00
Last Minute Defensive - 0:00
Total
Forward - 60:00
Defense - 60:00
|
% Time on Ice - Rangers
Lines # - Real PCT - Wanted PCT - Time Play
Normal Forward
1 - 32% - 40% - 14:21
2 - 30% - 30% - 13:32
3 - 23% - 20% - 10:14
4 - 16% - 10% - 7:00
Normal Defense
1 - 40% - 40% - 18:13
2 - 33% - 30% - 15:02
3 - 23% - 20% - 10:21
4 - 3% - 10% - 1:31
PP Forward
1 - 54% - 60% - 4:48
2 - 46% - 40% - 4:08
PP Defense
1 - 58% - 60% - 5:12
2 - 42% - 40% - 3:44
PK Forward
1 - 81% - 60% - 4:49
2 - 19% - 40% - 1:08
PK Defense
1 - 50% - 60% - 3:00
2 - 50% - 40% - 2:57
PK3 Forward
1 - 0% - 60%
2 - 0% - 40%
PK3 Defense
1 - 0% - 60%
2 - 0% - 40%
44 Forward
1 - 0% - 60%
2 - 0% - 40%
44 Defense
1 - 0% - 60%
2 - 0% - 40%
Last Minute Offensive - 0:00
Last Minute Defensive - 0:00
Total
Forward - 60:00
Defense - 60:00
|
Play-by-Play
1st period
0:01 of 1st period - Eric Staal wins face-off versus Sean Couturier in neutral zone.
0:14 of 1st period - Erik Johnson is hit by Ryan Strome and loses puck.
0:57 of 1st period - Snap shot by Kevin Labanc.
0:57 of 1st period - Stopped by Frederik Andersen with a rebound.
1:23 of 1st period - David Ullstrom is hit by T.J Galiardi and loses puck.
1:36 of 1st period - Snap shot by Sean Couturier.
1:36 of 1st period - Goal by Sean Couturier - Flames : 0 - Rangers : 1.
1:37 of 1st period - Patrik Berglund wins face-off versus Tomas Hertl in neutral zone.
2:09 of 1st period - Slapshot by Erik Johnson.
2:09 of 1st period - Stopped by Frederik Andersen with a rebound.
2:31 of 1st period - Snap shot by Richard Panik.
2:31 of 1st period - Stopped by Henrik Lundqvist with a rebound.
3:10 of 1st period - Patrik Nemeth is hit by Esa Lindell.
3:23 of 1st period - Christian Folin is hit by Tomas Hertl and loses puck.
3:28 of 1st period - Snap shot by Tomas Hertl.
3:28 of 1st period - Stopped by Henrik Lundqvist with a rebound.
3:30 of 1st period - Wrist shot by Tomas Hertl.
3:30 of 1st period - Shot Blocked by Christian Folin.
3:32 of 1st period - Slapshot by Vince Dunn.
3:32 of 1st period - Shot Blocked by Christian Folin.
3:36 of 1st period - Snap shot by Devante Smith-Pelly.
3:36 of 1st period - Shot Misses the Net.
3:38 of 1st period - Slapshot by Vince Dunn.
3:38 of 1st period - Shot Misses the Net.
3:40 of 1st period - Snap shot by Ondrej Palat.
3:40 of 1st period - Shot Misses the Net.
3:42 of 1st period - Snap shot by Tomas Hertl.
3:42 of 1st period - Shot Blocked by Patrik Berglund.
3:58 of 1st period - Christian Folin is hit by Dmitry Kulikov and loses puck.
4:13 of 1st period - Snap shot by Ondrej Palat.
4:13 of 1st period - Shot Misses the Net.
4:15 of 1st period - Slapshot by Patrik Nemeth.
4:15 of 1st period - Shot Misses the Net.
4:17 of 1st period - Snap shot by Tomas Hertl.
4:17 of 1st period - Deflect By Ondrej Palat.
4:17 of 1st period - Stopped by Henrik Lundqvist without a rebound.
4:18 of 1st period - Brad Marchand wins face-off versus Sean Couturier in Flames zone.
4:25 of 1st period - Backhand shot by Brad Marchand.
4:25 of 1st period - Stopped by Frederik Andersen without a rebound.
4:26 of 1st period - Sean Couturier wins face-off versus Eric Staal in Rangers zone.
4:28 of 1st period - Minor Penalty to Jake McCabe for Boarding.
4:29 of 1st period - Sean Couturier wins face-off versus Patrik Berglund in Rangers zone.
4:49 of 1st period - Sean Couturier is hit by Tanner Pearson and loses puck.
5:49 of 1st period - Mikhail Sergachev is hit by Kevin Labanc and loses puck.
6:28 of 1st period - Penalty to Jake McCabe is over, Jake McCabe is back on ice.
7:10 of 1st period - Colin Wilson is hit by Devante Smith-Pelly and loses puck.
7:42 of 1st period - David Ullstrom is hit by Mikhail Sergachev and loses puck.
8:03 of 1st period - Jimmy Hayes is hit by Jake McCabe and loses puck.
8:16 of 1st period - David Savard is hit by Milan Lucic and loses puck.
8:56 of 1st period - Snap shot by Bryan Rust.
8:56 of 1st period - Stopped by Frederik Andersen without a rebound.
8:57 of 1st period - Eric Staal wins face-off versus Tomas Hertl in Rangers zone.
8:58 of 1st period - Slapshot by Bryan Rust.
8:58 of 1st period - Shot Blocked by Jake McCabe.
9:08 of 1st period - Snap shot by Ondrej Palat.
9:08 of 1st period - Goal by Ondrej Palat - Flames : 0 - Rangers : 2.
9:09 of 1st period - Sean Couturier wins face-off versus Eric Staal in neutral zone.
9:12 of 1st period - Snap shot by Milan Lucic.
9:12 of 1st period - Shot Blocked by Erik Johnson.
9:14 of 1st period - Snap shot by Ryan Strome.
9:14 of 1st period - Shot Misses the Net.
9:16 of 1st period - Slapshot by Vince Dunn.
9:16 of 1st period - Shot Misses the Net.
9:18 of 1st period - Snap shot by Ryan Strome.
9:18 of 1st period - Shot Misses the Net.
9:58 of 1st period - Icing by Magnus Paajarvi.
9:59 of 1st period - Tomas Hertl wins face-off versus Patrik Berglund in Rangers zone.
10:14 of 1st period - Cale Makar is hit by Jimmy Hayes and loses puck.
11:58 of 1st period - Snap shot by Eric Staal.
11:58 of 1st period - Shot Misses the Net.
12:00 of 1st period - Slapshot by Sami Vatanen.
12:00 of 1st period - Shot Blocked by Patrik Nemeth.
12:19 of 1st period - Chris Mcallister is hit by Kevin Labanc and loses puck.
12:40 of 1st period - Wrist shot by Milan Lucic.
12:40 of 1st period - Stopped by Henrik Lundqvist with a rebound.
12:55 of 1st period - Slapshot by Patrik Berglund.
12:55 of 1st period - Shot Misses the Net.
12:57 of 1st period - Snap shot by Jimmy Hayes.
12:57 of 1st period - Stopped by Frederik Andersen with a rebound.
12:59 of 1st period - Wrist shot by Jimmy Hayes.
12:59 of 1st period - Shot Blocked by Mikhail Sergachev.
13:01 of 1st period - Snap shot by Jimmy Hayes.
13:01 of 1st period - Stopped by Frederik Andersen with a rebound.
13:15 of 1st period - Snap shot by Henrik Samuelsson.
13:15 of 1st period - Stopped by Henrik Lundqvist with a rebound.
14:27 of 1st period - Wrist shot by Magnus Paajarvi.
14:27 of 1st period - Shot Misses the Net.
15:05 of 1st period - Snap shot by Kevin Labanc.
15:05 of 1st period - Shot Blocked by Jake McCabe.
15:07 of 1st period - Wrist shot by Colin Wilson.
15:07 of 1st period - Goal by Colin Wilson - Flames : 1 - Rangers : 2.
15:08 of 1st period - Eric Staal wins face-off versus Sean Couturier in neutral zone.
15:19 of 1st period - Wrist shot by Bryan Rust.
15:19 of 1st period - Stopped by Frederik Andersen with a rebound.
15:57 of 1st period - Cale Makar is hit by Jake DeBrusk and loses puck.
16:24 of 1st period - Backhand shot by Ondrej Palat.
16:24 of 1st period - Stopped by Henrik Lundqvist without a rebound.
16:25 of 1st period - Sean Couturier wins face-off versus Eric Staal in Flames zone.
16:53 of 1st period - Snap shot by Henrik Samuelsson.
16:53 of 1st period - Stopped by Henrik Lundqvist with a rebound.
17:26 of 1st period - Snap shot by Anders Lee.
17:26 of 1st period - Shot Misses the Net.
17:28 of 1st period - Wrist shot by David Ullstrom.
17:28 of 1st period - Deflect By Anders Lee.
17:28 of 1st period - Stopped by Frederik Andersen without a rebound.
17:29 of 1st period - Eric Staal wins face-off versus Sean Couturier in Rangers zone.
17:38 of 1st period - Wrist shot by Brad Marchand.
17:38 of 1st period - Stopped by Frederik Andersen with a rebound.
17:40 of 1st period - Snap shot by Esa Lindell.
17:40 of 1st period - Shot Misses the Net.
17:42 of 1st period - Snap shot by Bryan Rust.
17:42 of 1st period - Stopped by Frederik Andersen with a rebound.
18:26 of 1st period - Slapshot by Henrik Samuelsson.
18:26 of 1st period - Stopped by Henrik Lundqvist without a rebound.
18:27 of 1st period - Eric Staal wins face-off versus Sean Couturier in Flames zone.
18:32 of 1st period - Wrist shot by Bryan Rust.
18:32 of 1st period - Shot Blocked by Jake McCabe.
19:02 of 1st period - Slapshot by Devante Smith-Pelly.
19:02 of 1st period - Stopped by Henrik Lundqvist with a rebound.
19:04 of 1st period - Slapshot by Ondrej Palat.
19:04 of 1st period - Stopped by Henrik Lundqvist with a rebound.
19:06 of 1st period - Slapshot by Jake McCabe.
19:06 of 1st period - Shot Blocked by Sami Vatanen.
19:35 of 1st period - Richard Panik is hit by Patrik Berglund and loses puck.
19:50 of 1st period - Snap shot by Henrik Samuelsson.
19:50 of 1st period - Stopped by Henrik Lundqvist with a rebound.
19:52 of 1st period - Snap shot by Richard Panik.
19:52 of 1st period - Deflect By Patrik Berglund.
19:52 of 1st period - Shot Misses the Net.
19:52 of 1st period - Puck is out of play.
19:53 of 1st period - Colin Wilson wins face-off versus Sean Couturier in Flames zone.
Goals for this period are 1 for Flames vs 2 for Rangers.
Shots for this period are 11 for Flames vs 13 for Rangers.
2nd period
0:01 of 2nd period - Eric Staal wins face-off versus Sean Couturier in neutral zone.
0:26 of 2nd period - Sami Vatanen is hit by Tomas Hertl and loses puck.
0:35 of 2nd period - Snap shot by Ondrej Palat.
0:35 of 2nd period - Shot Blocked by Erik Johnson.
0:37 of 2nd period - Snap shot by Ondrej Palat.
0:37 of 2nd period - Stopped by Henrik Lundqvist with a rebound.
0:54 of 2nd period - Minor Penalty to Jimmy Hayes for Holding Stick.
0:55 of 2nd period - Sean Couturier wins face-off versus Patrik Berglund in Flames zone.
2:50 of 2nd period - Milan Lucic is hit by Bryan Rust and loses puck.
2:54 of 2nd period - Penalty to Jimmy Hayes is over, Jimmy Hayes is back on ice.
2:55 of 2nd period - Snap shot by Eric Staal.
2:55 of 2nd period - Shot Blocked by Cale Makar.
2:57 of 2nd period - Slapshot by Christian Folin.
2:57 of 2nd period - Stopped by Frederik Andersen with a rebound.
3:11 of 2nd period - Snap shot by Eric Staal.
3:11 of 2nd period - Stopped by Frederik Andersen with a rebound.
3:13 of 2nd period - Wrist shot by Eric Staal.
3:13 of 2nd period - Stopped by Frederik Andersen without a rebound.
3:14 of 2nd period - Henrik Samuelsson wins face-off versus Colin Wilson in Rangers zone.
3:26 of 2nd period - Mikhail Sergachev is hit by Esa Lindell.
3:42 of 2nd period - Wrist shot by Christian Folin.
3:42 of 2nd period - Stopped by Frederik Andersen with a rebound.
3:56 of 2nd period - Minor Penalty to Christian Folin for Tripping.
3:57 of 2nd period - Sean Couturier wins face-off versus Patrik Berglund in Flames zone.
4:30 of 2nd period - Slapshot by Cale Makar.
4:30 of 2nd period - Deflect By Tomas Hertl.
4:30 of 2nd period - Shot Misses the Net.
4:30 of 2nd period - Puck is out of play.
4:31 of 2nd period - Eric Staal wins face-off versus Tomas Hertl in Flames zone.
5:56 of 2nd period - Penalty to Christian Folin is over, Christian Folin is back on ice.
6:13 of 2nd period - Christian Folin is hit by Magnus Paajarvi and loses puck.
6:32 of 2nd period - T.J Galiardi is hit by Colin Wilson and loses puck.
6:43 of 2nd period - Wrist shot by Kevin Labanc.
6:43 of 2nd period - Goal by Kevin Labanc - Flames : 2 - Rangers : 2.
6:44 of 2nd period - Eric Staal wins face-off versus Sean Couturier in neutral zone.
7:11 of 2nd period - Devante Smith-Pelly is hit by Tanner Pearson and loses puck.
7:17 of 2nd period - Mikhail Sergachev is hit by Patrik Berglund and loses puck.
7:20 of 2nd period - Snap shot by Cale Makar.
7:20 of 2nd period - Shot Misses the Net.
7:22 of 2nd period - Slapshot by Devante Smith-Pelly.
7:22 of 2nd period - Deflect By Tomas Hertl.
7:22 of 2nd period - Shot Blocked by Patrik Berglund.
7:22 of 2nd period - Puck is out of play.
7:23 of 2nd period - Eric Staal wins face-off versus Sean Couturier in Flames zone.
7:35 of 2nd period - Backhand shot by Eric Staal.
7:35 of 2nd period - Shot Misses the Net.
7:37 of 2nd period - Slapshot by Esa Lindell.
7:37 of 2nd period - Goal by Esa Lindell - Flames : 3 - Rangers : 2.
7:38 of 2nd period - Eric Staal wins face-off versus Milan Lucic in neutral zone.
7:41 of 2nd period - Slapshot by Erik Johnson.
7:41 of 2nd period - Shot Blocked by Vince Dunn.
7:43 of 2nd period - Wrist shot by Sami Vatanen.
7:43 of 2nd period - Stopped by Frederik Andersen without a rebound.
7:44 of 2nd period - Sean Couturier wins face-off versus Eric Staal in Rangers zone.
7:53 of 2nd period - Slapshot by Cale Makar.
7:53 of 2nd period - Stopped by Henrik Lundqvist without a rebound.
7:54 of 2nd period - Eric Staal wins face-off versus Sean Couturier in Flames zone.
8:01 of 2nd period - Slapshot by Sean Couturier.
8:01 of 2nd period - Shot Hit the Post.
8:03 of 2nd period - Wrist shot by Sean Couturier.
8:03 of 2nd period - Shot Blocked by Bryan Rust.
8:05 of 2nd period - Slapshot by Ryan Strome.
8:05 of 2nd period - Stopped by Henrik Lundqvist with a rebound.
9:28 of 2nd period - Slapshot by Colby Robak.
9:28 of 2nd period - Stopped by Frederik Andersen without a rebound.
9:29 of 2nd period - Sean Couturier wins face-off versus Anders Lee in Rangers zone.
9:46 of 2nd period - Patrik Nemeth is hit by Anders Lee.
10:20 of 2nd period - Magnus Paajarvi is hit by Jimmy Hayes and loses puck.
11:20 of 2nd period - Icing by Ryan Strome.
11:21 of 2nd period - Eric Staal wins face-off versus Sean Couturier in Rangers zone.
11:34 of 2nd period - Slapshot by Jake McCabe.
11:34 of 2nd period - Goal by Jake McCabe - Flames : 3 - Rangers : 3.
11:35 of 2nd period - Sean Couturier wins face-off versus Eric Staal in neutral zone.
11:48 of 2nd period - Snap shot by Bryan Rust.
11:48 of 2nd period - Shot Misses the Net.
11:50 of 2nd period - Slapshot by Esa Lindell.
11:50 of 2nd period - Shot Blocked by Vince Dunn.
11:52 of 2nd period - Slapshot by Esa Lindell.
11:52 of 2nd period - Shot Blocked by Cale Makar.
12:30 of 2nd period - Slapshot by Richard Panik.
12:30 of 2nd period - Stopped by Henrik Lundqvist with a rebound.
12:46 of 2nd period - Minor Penalty to Erik Johnson for Hooking.
12:47 of 2nd period - Patrik Berglund wins face-off versus Sean Couturier in Flames zone.
13:02 of 2nd period - Snap shot by Ryan Strome.
13:02 of 2nd period - Stopped by Henrik Lundqvist with a rebound.
14:46 of 2nd period - Penalty to Erik Johnson is over, Erik Johnson is back on ice.
14:57 of 2nd period - Backhand shot by Esa Lindell.
14:57 of 2nd period - Stopped by Frederik Andersen with a rebound.
15:19 of 2nd period - Slapshot by T.J Galiardi.
15:19 of 2nd period - Stopped by Henrik Lundqvist with a rebound.
15:23 of 2nd period - Slapshot by Seth Griffith.
15:23 of 2nd period - Stopped by Henrik Lundqvist with a rebound.
16:00 of 2nd period - Mikhail Sergachev is hit by Sami Vatanen and loses puck.
16:15 of 2nd period - Christian Folin is hit by Jake McCabe and loses puck.
16:22 of 2nd period - Milan Lucic is hit by Colin Wilson and loses puck.
17:23 of 2nd period - Icing by David Ullstrom.
17:24 of 2nd period - Seth Griffith wins face-off versus Anders Lee in Flames zone.
17:33 of 2nd period - Slapshot by Sami Vatanen.
17:33 of 2nd period - Shot Blocked by Dmitry Kulikov.
17:36 of 2nd period - Icing by Sean Couturier.
17:37 of 2nd period - Sean Couturier wins face-off versus Eric Staal in Rangers zone.
17:52 of 2nd period - Snap shot by Milan Lucic.
17:52 of 2nd period - Goal by Milan Lucic - Flames : 3 - Rangers : 4.
17:53 of 2nd period - Sean Couturier wins face-off versus Eric Staal in neutral zone.
18:02 of 2nd period - Ryan Strome is hit by Esa Lindell and loses puck.
18:24 of 2nd period - Cale Makar is hit by Erik Johnson and loses puck.
19:02 of 2nd period - Anders Lee is hit by Magnus Paajarvi and loses puck.
19:09 of 2nd period - Anders Lee is hit by Magnus Paajarvi and loses puck.
Goals for this period are 2 for Flames vs 2 for Rangers.
Shots for this period are 9 for Flames vs 9 for Rangers.
3rd period
0:01 of 3rd period - Sean Couturier wins face-off versus Eric Staal in neutral zone.
0:31 of 3rd period - Snap shot by Eric Staal.
0:31 of 3rd period - Shot Misses the Net.
0:35 of 3rd period - Slapshot by Patrik Berglund.
0:35 of 3rd period - Shot Blocked by Ondrej Palat.
0:37 of 3rd period - Snap shot by Patrik Berglund.
0:37 of 3rd period - Stopped by Frederik Andersen without a rebound.
0:38 of 3rd period - Tomas Hertl wins face-off versus Patrik Berglund in Rangers zone.
1:16 of 3rd period - Snap shot by Brad Marchand.
1:16 of 3rd period - Shot Misses the Net.
1:34 of 3rd period - Wrist shot by Seth Griffith.
1:34 of 3rd period - Stopped by Henrik Lundqvist with a rebound.
1:40 of 3rd period - Wrist shot by Esa Lindell.
1:40 of 3rd period - Stopped by Frederik Andersen with a rebound.
1:42 of 3rd period - Slapshot by Christian Folin.
1:42 of 3rd period - Shot Blocked by T.J Galiardi.
1:44 of 3rd period - Snap shot by Brad Marchand.
1:44 of 3rd period - Stopped by Frederik Andersen without a rebound.
1:45 of 3rd period - Patrik Berglund wins face-off versus Ondrej Palat in Rangers zone.
1:50 of 3rd period - Snap shot by Jimmy Hayes.
1:50 of 3rd period - Shot Misses the Net.
1:57 of 3rd period - Minor Penalty to Ondrej Palat for Roughing.
1:58 of 3rd period - Sean Couturier wins face-off versus Eric Staal in Rangers zone.
2:34 of 3rd period - Snap shot by Sami Vatanen.
2:34 of 3rd period - Stopped by Frederik Andersen with a rebound.
3:57 of 3rd period - Penalty to Ondrej Palat is over, Ondrej Palat is back on ice.
5:00 of 3rd period - Snap shot by T.J Galiardi.
5:00 of 3rd period - Stopped by Henrik Lundqvist without a rebound.
5:01 of 3rd period - Eric Staal wins face-off versus Seth Griffith in Flames zone.
5:08 of 3rd period - Snap shot by Chris Mcallister.
5:08 of 3rd period - Goal by Chris Mcallister - Flames : 3 - Rangers : 5.
5:09 of 3rd period - Brad Marchand wins face-off versus Sean Couturier in neutral zone.
5:19 of 3rd period - Snap shot by Brad Marchand.
5:19 of 3rd period - Goal by Brad Marchand - Flames : 4 - Rangers : 5.
5:20 of 3rd period - Eric Staal wins face-off versus Sean Couturier in neutral zone.
5:23 of 3rd period - Sean Couturier is hit by Erik Johnson and loses puck.
5:37 of 3rd period - Snap shot by Bryan Rust.
5:37 of 3rd period - Shot Misses the Net.
5:51 of 3rd period - Off-side.
5:52 of 3rd period - Patrik Berglund wins face-off versus Tomas Hertl in neutral zone.
6:42 of 3rd period - Snap shot by Brad Marchand.
6:42 of 3rd period - Shot Blocked by Cale Makar.
6:44 of 3rd period - Slapshot by Colby Robak.
6:44 of 3rd period - Shot Blocked by Vince Dunn.
6:46 of 3rd period - Slapshot by Colin Wilson.
6:46 of 3rd period - Stopped by Frederik Andersen with a rebound.
6:48 of 3rd period - Snap shot by Colby Robak.
6:48 of 3rd period - Shot Blocked by Magnus Paajarvi.
7:54 of 3rd period - Brad Marchand is hit by T.J Galiardi and loses puck.
8:15 of 3rd period - Slapshot by Christian Folin.
8:15 of 3rd period - Deflect By David Ullstrom.
8:15 of 3rd period - Shot Misses the Net.
8:15 of 3rd period - Puck is out of play.
8:16 of 3rd period - Patrik Berglund wins face-off versus Sean Couturier in Rangers zone.
8:23 of 3rd period - Snap shot by Jimmy Hayes.
8:23 of 3rd period - Shot Misses the Net.
8:25 of 3rd period - Wrist shot by Tanner Pearson.
8:25 of 3rd period - Shot Misses the Net.
9:16 of 3rd period - Slapshot by Colin Wilson.
9:16 of 3rd period - Stopped by Frederik Andersen without a rebound.
9:17 of 3rd period - Patrik Berglund wins face-off versus Sean Couturier in Rangers zone.
9:20 of 3rd period - Slapshot by Patrik Berglund.
9:20 of 3rd period - Deflect By Sean Couturier.
9:20 of 3rd period - Shot Misses the Net.
9:20 of 3rd period - Puck is out of play.
9:21 of 3rd period - Sean Couturier wins face-off versus Patrik Berglund in Rangers zone.
9:23 of 3rd period - Minor Penalty to Ryan Strome for Interference.
9:24 of 3rd period - Sean Couturier wins face-off versus Jimmy Hayes in Rangers zone.
9:38 of 3rd period - Slapshot by Eric Staal.
9:38 of 3rd period - Shot Misses the Net.
9:50 of 3rd period - Milan Lucic is hit by Erik Johnson and loses puck.
11:12 of 3rd period - Jimmy Hayes is hit by Henrik Samuelsson and loses puck.
11:23 of 3rd period - Penalty to Ryan Strome is over, Ryan Strome is back on ice.
11:25 of 3rd period - Slapshot by Mikhail Sergachev.
11:25 of 3rd period - Deflect By Christian Folin.
11:25 of 3rd period - Stopped by Henrik Lundqvist with a rebound.
11:36 of 3rd period - Cale Makar is hit by Anders Lee and loses puck.
11:59 of 3rd period - Wrist shot by Tomas Hertl.
11:59 of 3rd period - Shot Hit the Post.
12:17 of 3rd period - Mikhail Sergachev is hit by Colin Wilson and loses puck.
12:59 of 3rd period - Snap shot by Richard Panik.
12:59 of 3rd period - Shot Misses the Net.
13:01 of 3rd period - Slapshot by Vince Dunn.
13:01 of 3rd period - Stopped by Henrik Lundqvist with a rebound.
13:26 of 3rd period - Minor Penalty to Sami Vatanen for Tripping.
13:27 of 3rd period - Patrik Berglund wins face-off versus Sean Couturier in Flames zone.
15:03 of 3rd period - Cale Makar is hit by Christian Folin and loses puck.
15:20 of 3rd period - Milan Lucic is hit by Colby Robak and loses puck.
15:26 of 3rd period - Penalty to Sami Vatanen is over, Sami Vatanen is back on ice.
16:55 of 3rd period - Colin Wilson is hit by Jake McCabe and loses puck.
17:20 of 3rd period - Wrist shot by Anders Lee.
17:20 of 3rd period - Shot Misses the Net.
17:22 of 3rd period - Snap shot by Anders Lee.
17:22 of 3rd period - Shot Blocked by Vince Dunn.
17:24 of 3rd period - Wrist shot by Kyle Palmieri.
17:24 of 3rd period - Stopped by Frederik Andersen with a rebound.
18:10 of 3rd period - Icing by Richard Panik.
18:11 of 3rd period - Eric Staal wins face-off versus Henrik Samuelsson in Rangers zone.
18:12 of 3rd period - Snap shot by Bryan Rust.
18:12 of 3rd period - Shot Misses the Net.
18:14 of 3rd period - Slapshot by Christian Folin.
18:14 of 3rd period - Deflect By Eric Staal.
18:14 of 3rd period - Stopped by Frederik Andersen with a rebound.
18:16 of 3rd period - Wrist shot by Eric Staal.
18:16 of 3rd period - Shot Misses the Net.
18:18 of 3rd period - Wrist shot by Brad Marchand.
18:18 of 3rd period - Shot Hit the Post.
18:20 of 3rd period - Wrist shot by Bryan Rust.
18:20 of 3rd period - Stopped by Frederik Andersen without a rebound.
18:21 of 3rd period - Sean Couturier wins face-off versus Colin Wilson in Rangers zone.
18:21 of 3rd period - Sean Couturier is hit by Colin Wilson.
18:40 of 3rd period - Minor Penalty to Kevin Labanc for Cross-checking.
18:41 of 3rd period - Sean Couturier wins face-off versus Patrik Berglund in Flames zone.
18:41 of 3rd period - Wrist shot by Milan Lucic.
18:41 of 3rd period - Goal by Milan Lucic - Flames : 4 - Rangers : 6.
18:42 of 3rd period - Henrik Samuelsson wins face-off versus Colin Wilson in neutral zone.
18:47 of 3rd period - Wrist shot by Henrik Samuelsson.
18:47 of 3rd period - Shot Blocked by Jake DeBrusk.
18:49 of 3rd period - Wrist shot by Henrik Samuelsson.
18:49 of 3rd period - Shot Misses the Net.
18:55 of 3rd period - Slapshot by Cale Makar.
18:55 of 3rd period - Deflect By Erik Johnson.
18:55 of 3rd period - Stopped by Henrik Lundqvist with a rebound.
18:57 of 3rd period - Snap shot by Henrik Samuelsson.
18:57 of 3rd period - Stopped by Henrik Lundqvist without a rebound.
18:58 of 3rd period - Eric Staal wins face-off versus Sean Couturier in Flames zone.
19:00 of 3rd period - Minor Penalty to Bryan Rust for Slashing.
19:01 of 3rd period - Sean Couturier wins face-off versus Patrik Berglund in Flames zone.
Goals for this period are 1 for Flames vs 2 for Rangers.
Shots for this period are 10 for Flames vs 8 for Rangers.